 Dungeon Crawl Stone Soup version 0.29.1-14-g9c671dbff4 (webtiles) character file.

Game seed: 9050655403486480890

19 bnorton916 the Firebug (level 2, -1/15 HPs)
             Began as a Deep Elf Fire Elementalist on Feb 19, 2023.
             Was a Follower of Qazlal.
             Slain by a hobgoblin (3 damage)
             ... led by Robin
             ... on level 2 of the Dungeon.
             The game lasted 00:00:53 (1239 turns).

bnorton916 the Firebug (Deep Elf Fire Elementalist) Turns: 1239, Time: 00:00:54

Health: -1/15      AC:  2    Str:  5    XL:     2   Next: 55%
Magic:  6/8        EV: 12    Int: 19    God:    Qazlal [*.....]
Gold:   45         SH:  1    Dex: 15    Spells: 7/8 levels left

rFire   . . .      SeeInvis .   (no weapon)
rCold   . . .      Faith    .   (no shield)
rNeg    . . .      Spirit   .   a - +0 robe
rPois   .          Reflect  .   (no helmet)
rElec   .          Harm     .   (no cloak)
rCorr   .          Rampage  .   (no gloves)
Will    .....                   (no boots)
Stlth   ++........              (no amulet)
HPRegen 0.05/turn               (no ring)
MPRegen 0.11/turn               (no ring)

@: very slightly contaminated
A: no striking features
a: Renounce Religion


You were on level 2 of the Dungeon.
You worshipped Qazlal.
Qazlal was aware of your devotion.
You visited 1 branch of the dungeon, and saw 2 of its levels.

You collected 45 gold pieces.

Inventory:

Missiles
 e - 4 poisoned darts
Armour
 a - a +0 robe (worn)
Scrolls
 c - a scroll of poison {unknown}
Potions
 b - a potion of magic
 d - a potion of lignification {unknown}
 f - a potion of haste {unknown}


   Skills:
 - Level 2.4 Dodging
 - Level 2.4 Stealth
 + Level 3.5 Spellcasting
 + Level 1.8 Conjurations
 + Level 3.6 Fire Magic


You had 7 spell levels left.
You knew the following spells:

 Your Spells              Type           Power      Damage    Failure   Level
a - Foxfire               Conj/Fire      52%        2x1d6     4%          1

Your spell library contained the following spells:

 Spells                   Type           Power      Damage    Failure   Level
 Scorch                   Fire           34%        2d6       4%          2
 Conjure Flame            Conj/Fire      13%        6-21      14%         3
 Inner Flame              Hex/Fire       10%        N/A       21%         3
 Sublimation of Blood     Necr           3%         N/A       22%         2
 Wereblood                Tmut           3%         N/A       22%         2
 Flame Wave               Conj/Fire      13%        2d6       43%         4
 Summon Hydra             Summ           1%         N/A       100%        7


Dungeon Overview and Level Annotations

Branches:
Dungeon (2/15)

Altars:
Qazlal

Annotations:
D:2 Robin


Message History

You conjure some foxfire!
A goblin comes into view. It is wielding a +0 dagger.
The hobgoblin closely misses you.
Robin of the Strong Arm comes into view.
They are wielding a +0 club.
Your foxfire is engulfed in freezing vapours.
The foxfire hits the hobgoblin.
The hobgoblin is heavily wounded.
The foxfire hits the hobgoblin.
You kill the hobgoblin!
Qazlal accepts your kill.
A hobgoblin comes into view.
The hobgoblin attacks as you move away! The hobgoblin closely misses you.
The hobgoblin attacks as you move away!
The hobgoblin hits you but does no damage.
Robin roars a battlecry!
The goblins go into a battle-frenzy!
You see here a hobgoblin corpse.
The hobgoblin attacks as you move away! The hobgoblin hits you.
A hobgoblin comes into view.
The hobgoblin attacks as you move away! The hobgoblin barely misses you.
A hobgoblin comes into view.
Robin says, "My army is invincible!"
The hobgoblin attacks as you move away! The hobgoblin barely misses you.
The hobgoblin attacks as you move away! The hobgoblin closely misses you.
The hobgoblin attacks as you move away! The hobgoblin hits you.
Casting: Foxfire (safe; 4% risk of failure)
Confirm with . or Enter, or press ? or * to list all spells.
You miscast Foxfire.
You are very lightly contaminated with residual magic.
Nothing appears to happen.
The hobgoblin hits you.
* * * LOW HITPOINT WARNING * * *
Casting: Foxfire (safe; 4% risk of failure)
Confirm with . or Enter, or press ? or * to list all spells.
You conjure some foxfire!
The hobgoblin no longer looks unusually strong.
The foxfire hits the goblin.
The goblin is heavily wounded.
The hobgoblin closely misses you. The hobgoblin hits you.
You die...

#.####...#.#
##.##.#
#g##.##
#..g..#
####g.# #gg#
#######..#
.......gg#
########@##
#v§# ##.#
#.# #.# #.#
#.# #.# #.#


You could see Robin, 3 hobgoblins and 2 goblins.

Vanquished Creatures
  2 endoplasms (D:1)
  2 goblins
  3 hobgoblins (D:2)
  A quokka (D:2)
  6 ball pythons
  A bat (D:1)
  2 frilled lizards (D:1)
  2 rats (D:1)
19 creatures vanquished.

Vanquished Creatures (others)
  108 foxfires
108 creatures vanquished.

Grand Total: 127 creatures vanquished

Notes
Turn   | Place    | Note
-------+----------+-------------------------------------------
     0 | D:1      | bnorton916 the Deep Elf Fire Elementalist began the quest
                  | for the Orb.
     0 | D:1      | Reached XP level 1. HP: 10/10 MP: 6/6
   587 | D:1      | Reached XP level 2. HP: 15/15 MP: 6/8
   899 | D:1      | Found a faded altar of an unknown god.
   906 | D:1      | Prayed at the altar of an unknown god.
   906 | D:1      | Became a worshipper of Qazlal Stormbringer
   906 | D:1      | Reached * piety under Qazlal
  1223 | D:2      | Noticed Robin
  1239 | D:2      | Slain by a hobgoblin

Illustrated notes

Levels and vault maps discovered:
D:1:      ncdulo_smallfort, layout_basic, dilly_ecumenical_altar_fadedgnrine
D:2:      layout_loops_ring, minmay_bisected, uniq_jessica, uniq_robin

Action                   || total
-------------------------++-------
 Cast: Foxfire           ||    61
Armor: Robe              ||     1
Dodge: Dodged            ||    10
